 Dungeon Crawl Stone Soup version 0.30.1-4-g462c640d31 (webtiles) character file.

Game seed: 13830375821976067575

726 Wiggles the Chopper (level 7, -3/62 HPs)
             Began as a Minotaur Berserker on Aug 31, 2023.
             Was a Priest of Trog.
             Succumbed to a gnoll sergeant's poison
             ... on level 4 of the Dungeon.
             The game lasted 00:06:08 (3922 turns).

Wiggles the Chopper (Minotaur Berserker)            Turns: 3922, Time: 00:06:08

Health: -3/62      AC: 14    Str: 24    XL:     7   Next: 44%
Magic:  6/6        EV:  9    Int:  4    God:    Trog [***...]
Gold:   195        SH:  0    Dex:  9    Spells: 6/6 levels left

rFire   . . .        o - +1 hand axe (distort)
rCold   . . .        (no shield)
rNeg    . . .        q - +0 chain mail
rPois   .            (helmet restricted)
rElec   .            r - +2 cloak
rCorr   +            (no gloves)
SInv    .            m - +0 pair of boots
Will    .....        (no amulet) Stlth
                     k - ring of resist corrosion
HPRegen 0.30/turn    (no ring)
MPRegen 0.10/turn

%: no passive effects
@: lethally poisoned (-3 -> -26)
A: horns 2, retaliatory headbutt
a: Renounce Religion, Berserk, Trog's Hand


You were on level 4 of the Dungeon.
You worshipped Trog.
Trog was most pleased with you.
You visited 1 branch of the dungeon, and saw 5 of its levels.

You collected 195 gold pieces.

Inventory:

Hand Weapons
 a - a +0 war axe
 o - a +1 hand axe of distortion (weapon)
Armour
 m - a +0 pair of boots (worn)
 q - a +0 chain mail (worn)
 r - a +2 cloak (worn)
Jewellery
 k - a ring of resist corrosion (left hand)
Wands
 t - a wand of roots (7)
Scrolls
 c - 3 scrolls of identify {unknown}
 d - a scroll of immolation {unknown}
 e - a scroll of poison {unknown}
 f - 2 scrolls of amnesia {unknown}
 g - a scroll of noise {unknown}
 h - 3 scrolls of blinking {unknown}
 i - a scroll of vulnerability {unknown}
 n - 2 scrolls of teleportation {unknown}
 u - a scroll of butterflies {unknown}
 w - a scroll of fear {unknown}
Potions
 b - a potion of brilliance {unknown}
 j - a potion of flight {unknown}
 l - 6 potions of curing {unknown}
 p - 2 potions of lignification {unknown}
 s - 2 potions of might {unknown}
 v - a potion of mutation {unknown}


   Skills:
 + Level 5.8 Fighting
 + Level 7.3 Axes
 + Level 5.2 Armour
 + Level 3.8 Dodging
 + Level 0.6 Stealth


You had 6 spell levels left.
You didn't know any spells.
Your spell library was empty.

Dungeon Overview and Level Annotations

Branches:
Dungeon (5/15)             Temple (0/1) D:4

Altars:
Ashenzari
Uskayaw
Wu Jian

Shops:
D:4 =*(

Annotations:
D:4 1 transporter, arthad's ghost, amateur VSBe


Innate Abilities, Weirdness & Mutations

You have a pair of horns on your head.
You reflexively headbutt those who attack you in melee.


Message History

The gnoll burns you.
You slash the gnoll!
Space warps around the gnoll.
You kill the gnoll!
Trog accepts your kill.
You hit the gnoll.
Space warps horribly around the gnoll!
You kill the gnoll!
Trog accepts your kill. The gnoll hits you but does no damage.
You are confused.
The gnoll barely misses you.
The gnoll sergeant hits you from afar with the +1 trident "Keddele" {venom, *Slow +Blink rCorr Int+3}.
You are poisoned.
Things that are here:
a +0 club; a gnoll corpse You feel less confused.
You feel very sick. The gnoll hits you but does no damage.
You are more poisoned.
The gnoll sergeant barely misses you.
Things that are here:
a +0 spear; a wand of polymorph (5); a gnoll corpse The gnoll sergeant attacks as you move away!
The gnoll sergeant hits you with the +1 trident "Keddele" {venom, *Slow +Blink rCorr Int+3}.
You are more poisoned.
You feel extremely sick.
The gnoll hits you with a +0 halberd of chaos!
The gnoll sergeant hits you from afar with the +1 trident "Keddele" {venom, *Slow +Blink rCorr Int+3}!
* * * LOW HITPOINT WARNING * * *
You are more poisoned.
Things that are here:
a +0 club; a gnoll corpse
* * * LOW HITPOINT WARNING * * *
You feel extremely sick. The gnoll closely misses you.
The gnoll sergeant hits you from afar with the +1 trident "Keddele" {venom, *Slow +Blink rCorr Int+3}.
* * * LOW HITPOINT WARNING * * *
* * * LOW HITPOINT WARNING * * *
You feel extremely sick. The gnoll barely misses you.
You die...

≈≈≈≈≈≈≈≈≈≈≈...≈≈≈≈≈≈≈≈≈≈≈..###.8.
≈≈≈≈≈≈≈≈≈≈≈..[≈≈≈≈≈≈≈≈≈≈≈.###....
≈≈#####...........#####≈≈.##)....
≈≈#.#.#.###.©.###.#.#.#≈≈..######
≈≈#g..###.#####.###...#≈≈..##..∩#
≈≈### ......g.......###≈≈...#.>.#
≈≈.8#.######'######.#8.≈≈..##⌠..#
≈≈.##.#...#8.g#.⌠.#.##.≈≈..######
~~.#..'..:#⌠©g..@.'..#.~~.......#
≈≈.##.#...#8.g#.⌠.#.##.≈≈.......#
≈≈.8#.######g######.#8.≈≈.#####.#
≈≈###.g .$.$........###≈≈.####...
≈≈#g..###©#####.###...#≈≈.#....#.
≈≈#.#.#.###.©.###.#.#.#≈≈.#..#...
≈≈#####...........#####≈≈.#..##.#
≈≈≈≈≈≈≈≈≈≈≈≈~≈≈≈≈≈≈≈≈≈≈≈≈....##.#
≈≈≈≈≈≈≈≈≈≈≈≈~≈≈≈≈≈≈≈≈≈≈≈≈....##.#


You could see a gnoll sergeant and 2 gnolls.

Vanquished Creatures
  An orc warrior (D:5)
  An ice beast (D:5)
  2 hounds (D:5)
  3 orc priests (D:5)
  A jelly (D:4)
  Jessica (D:2)
  2 iguanas (D:5)
  An orc wizard (D:3)
  Robin (D:2)
  4 gnolls
  6 adders
  A white imp (D:5)
  2 worms (D:3)
  4 dart slugs
  8 orcs
  9 ball pythons
  9 endoplasms
  3 giant cockroaches
  17 goblins
  3 hobgoblins
  10 kobolds
  2 quokkas
  6 bats
  2 frilled lizards
  4 rats
103 creatures vanquished.

Notes
Turn   | Place    | Note
-------+----------+-------------------------------------------
     0 | D:1      | Wiggles the Minotaur Berserker began the quest for the Orb.
     0 | D:1      | Reached XP level 1. HP: 19/19 MP: 0/0
    43 | D:1      | Reached skill level 4 in Axes
    43 | D:1      | Reached XP level 2. HP: 17/27 MP: 1/1
   233 | D:1      | Reached XP level 3. HP: 33/33 MP: 2/2
   545 | D:1      | Reached ** piety under Trog
   798 | D:2      | Noticed Jessica
   803 | D:2      | Killed Jessica
   804 | D:2      | Reached XP level 4. HP: 41/41 MP: 3/3
   822 | D:2      | Found a hide-covered altar of Uskayaw.
   981 | D:2      | Reached skill level 5 in Axes
  1134 | D:2      | Noticed Robin
  1156 | D:2      | Killed Robin
  2036 | D:3      | Reached XP level 5. HP: 42/47 MP: 4/4
  2301 | D:3      | Found a broken altar of Ashenzari.
  2308 | D:3      | You fall into a shaft and drop 2 floors!
  2308 | D:5      | Entered Level 5 of the Dungeon
  2339 | D:5      | Reached *** piety under Trog
  2346 | D:5      | Reached skill level 5 in Fighting
  2346 | D:5      | Reached skill level 6 in Axes
  2346 | D:5      | Reached XP level 6. HP: 50/56 MP: 5/5
  2417 | D:5      | Noticed an orc warrior
  2426 | D:5      | Killed an orc warrior
  2582 | D:4      | Found Hoabri's Jewellery Boutique.
  2582 | D:4      | Found Qagh's Assorted Antiques.
  2582 | D:4      | Found Sivoh's Weapon Boutique.
  2608 | D:5      | Noticed an ice beast
  2614 | D:5      | Killed an ice beast
  2615 | D:5      | Reached skill level 5 in Armour
  2615 | D:5      | Reached XP level 7. HP: 61/61 MP: 6/6
  2633 | D:5      | Reached skill level 7 in Axes
  3362 | D:4      | Found a transporter.
  3365 | D:4      | Identified the +1 trident "Keddele" {venom, *Slow +Blink
                  | rCorr Int+3}
  3416 | D:4      | Found a transporter.
  3435 | D:4      | Noticed arthad's ghost (amateur VSBe)
  3519 | D:4      | Found an ornate altar of the Wu Jian Council.
  3758 | D:4      | Found a staircase to the Ecumenical Temple.
  3921 | D:4      | HP: 2/62 [poisoned by a gnoll sergeant]
  3922 | D:4      | Succumbed to a gnoll sergeant's poison

Illustrated notes

Levels and vault maps discovered:
D:1:      sevenhm_arrival_forest_fort_small_4, layout_basic,
          minmay_misc_feat_cross
D:2:      layout_basic, basic_altar, uniq_jessica, uniq_robin
D:3:      layout_loops_cross, ashenzari_altar_1,
          nicolae_concentric_dashed_squares_mild
D:4:      layout_loops_ring, general_overflow_altar,
          minmay_temple_entry_butterflies, gammafunk_ghost_gnarly_gnolls,
          nicolae_shop_distant_corner_stores
D:5:      layout_basic, serial_shops, nicolae_shop_waterfront,
          ebering_ghost_disaster_area

Skill      XL: |  1  2  3  4  5  6  7 |
---------------+----------------------+-----
Fighting       | 4 5 |  5.8
Axes           | 4 5 6 7 |  7.3
Armour         | 3 5 |  5.2
Dodging        | 3 |  3.8
Stealth        | |  0.6

Action                     |  1- 3 |  4- 6 |  7- 9 || total
---------------------------+-------+-------+-------++-------
  Melee: Hand axe          |    59 |   107 |    32 ||   198
         Headbutt          |     7 |    13 |     2 ||    22
         Punch             |     1 |       |       ||     1
 Invoke: Berserk           |     2 |     2 |       ||     4
 Armour: Animal skin       |     8 |     3 |       ||    11
         Ring mail         |       |    32 |       ||    32
         Chain mail        |       |       |    10 ||    10
  Dodge: Dodged            |    59 |    55 |    15 ||   129
